cohdb
Replays
Latest Replays
All Replays
Popular Replays
Top Player Replays
Match Explorer
How It Works
Community
CoH3 Stats
Reddit
Sign in to upload your games and track your stats! →
Sign in with Steam
Match 45674571
Unlisted
Match 45674571
Overview
Messages
Build Orders
End
Pioneer Squad
Construct Infanterie Kompanie
Selects Luftwaffe Battlegroup
Grenadier Squad
Grenadier Squad
Selects Luftwaffe Pioneer Support
Fallschirmpioneer Squad Paradrop
Selects Stuka Strafing Run
Stuka Strafing Run
MG 42 Bunker
Fallschirmpioneer Squad Paradrop
Selects Fallschirmjäger Squad Paradrop
Stuka Strafing Run
Construct Panzergrenadier Kompanie
Selects Flak 38 Anti-Air Emplacement
Pak 40 Anti-tank Gun Team
Stuka Strafing Run
Fallschirmjäger Squad Paradrop
Selects Fragmentation Bombs
Stuka Strafing Run
From Voodoo to Zen
Timeless
1136234805
aSIIDemolitionHammer
0
0
Comments
sign in to comment!
No comments posted yet!